 Dungeon Crawl Stone Soup version 0.27-a0-661-gca034ae587 (webtiles) character file.

Game seed: 6743070665869809034

38 Jerej03 the Magician (level 3, 0/19 HPs)
             Began as a Deep Elf Hedge Wizard on Mar 17, 2021.
             Succumbed to a worker ant's poison
             ... on level 2 of the Dungeon.
             The game lasted 00:04:29 (1792 turns).

Jerej03 the Magician (Deep Elf Hedge Wizard)        Turns: 1792, Time: 00:04:29

Health: 0/19       AC:  3    Str: 13    XL:     3   Next: 25%
Magic:  0/10       EV: 14    Int: 25    God:
Gold:   84         SH:  0    Dex: 12    Spells: 11/12 levels left

rFire    . . .     SeeInvis .   a - +0 dagger
rCold    . . .     Faith    .   (no shield)
rNeg     . . .     Spirit   .   b - +0 robe
rPois    .         Reflect  .   c - +0 hat
rElec    .         Harm     .   (no cloak)
rCorr    .         Rampage  .   (no gloves)
Will     .....                  d - +0 pair of boots
Stlth    ++........             (no amulet)
HPRegen  0.06/turn              f - +6 ring of strength
MPRegen  0.12/turn              n - +6 ring of intelligence

@: lethally poisoned (0 -> -12)
A: repulsion field 1, clumsy 1, deterioration 1, low mp 1
a: no special abilities


You were on level 2 of the Dungeon.
You visited 1 branch of the dungeon, and saw 2 of its levels.

You collected 84 gold pieces.

Inventory:

Hand Weapons
 a - a +0 dagger (weapon)
Armour
 b - a +0 robe (worn)
 c - a +0 hat (worn)
 d - a +0 pair of boots (worn)
 l - a +2 ring mail of fire resistance
Jewellery
 f - a +6 ring of strength (right hand)
 g - a ring of protection from fire
 n - a +6 ring of intelligence (left hand)
Scrolls
 e - a scroll of magic mapping {unknown}
 i - 2 scrolls of identify {unknown}
 m - a scroll of amnesia {unknown}


   Skills:
 + Level 2.7 Dodging
 * Level 3.1 Stealth
 + Level 5.4 Spellcasting
 + Level 1.5 Conjurations
 + Level 1.1 Summonings
 + Level 1.1 Translocations


You had 11 spell levels left.
You knew the following spells:

 Your Spells              Type           Power      Damage    Failure   Level
a - Magic Dart            Conj           56%        1d5       4%          1

Your spell library contained the following spells:

 Spells                   Type           Power      Damage    Failure   Level
 Blink                    Tloc           N/A        N/A       8%          2
 Call Imp                 Summ           12%        N/A       8%          2
 Slow                     Hex            6%         N/A       12%         2
 Conjure Flame            Conj/Fire      10%        6-21      17%         3
 Mephitic Cloud           Conj/Pois/Air  9%         N/A       19%         3


Dungeon Overview and Level Annotations

Branches:
Dungeon (2/15)

Altars:


Innate Abilities, Weirdness & Mutations

You are surrounded by a mild repulsion field. (EV +2)
You are clumsy. (Dex -2)
Your body sometimes deteriorates upon taking damage.
Your magical capacity is low. (-10% MP)


Message History

The worker ant closely misses you.
The magic dart hits the worker ant but does no damage.
The worker ant is moderately wounded.
The worker ant misses you.
The magic dart hits the worker ant but does no damage.
The worker ant is moderately wounded.
You feel sick. The worker ant barely misses you.
The magic dart hits the worker ant.
The worker ant is heavily wounded.
The worker ant bites you. The worker ant closely misses you.
You are too injured to fight recklessly!
You are too injured to fight recklessly!
You are too injured to fight recklessly!
You are too injured to fight recklessly!
Casting: Magic Dart (safe; 4% risk of failure)
Confirm with . or Enter, or press ? or * to list all spells.
Aiming: Magic Dart (safe; 4% risk of failure)
Press: ? - help, Shift-Dir - straight line, f/p - worker ant
Aim: a worker ant (heavily wounded, 0% to evade)
The magic dart hits the worker ant.
The worker ant is heavily wounded.
The worker ant barely misses you.
Casting: Magic Dart (safe; 4% risk of failure)
Confirm with . or Enter, or press ? or * to list all spells.
Aiming: Magic Dart (safe; 4% risk of failure)
Press: ? - help, Shift-Dir - straight line, f/p - worker ant
Aim: a worker ant (heavily wounded, 0% to evade)
The magic dart hits the worker ant.
The worker ant is severely wounded.
The worker ant bites you.
* * * LOW HITPOINT WARNING * * *
It was a potion of mutation.
You feel extremely strange.
You feel less energetic.
You feel clumsy.
You feel yourself wasting away.
You begin to radiate repulsive energy.
* * * LOW HITPOINT WARNING * * *
You feel sick. The worker ant bites you.
* * * LOW HITPOINT WARNING * * *
You are more poisoned.
The worker ant poisons you!
You die...

...# #.# ####...#####
##.# #[# #......#
...###.# #.######
#..##..# #.# .......#
#.# #..##..# #.#
#..##..# #.#
#..##..###.#############
#..##....w..†.B.@.......
#..##.####.#############
#..##.####.### #
.............# #8##
############.##8...8
#.##..... #.#>.....
####..... ##8...8


You could see a worm (wandering) and a worker ant.

Vanquished Creatures
  An adder (D:2)
  2 dart slugs (D:1)
  A giant cockroach (D:1)
  A goblin (D:1)
  3 hobgoblins
  2 jackals (D:1)
  8 bats (D:1)
  2 frilled lizards (D:2)
  2 kobolds (D:1)
  3 rats
25 creatures vanquished.

Notes
Turn   | Place    | Note
-------+----------+-------------------------------------------
     0 | D:1      | Jerej03 the Deep Elf Hedge Wizard began the quest for the
                  | Orb.
     0 | D:1      | Reached XP level 1. HP: 10/10 MP: 7/7
   271 | D:1      | Reached skill level 5 in Spellcasting
   288 | D:1      | Reached XP level 2. HP: 14/15 MP: 3/10
  1549 | D:2      | Reached XP level 3. HP: 13/19 MP: 1/11
  1791 | D:2      | Gained mutation: Your magical capacity is low. (-10% MP)
                  | [potion of mutation]
  1791 | D:2      | Gained mutation: You are clumsy. (Dex -2) [potion of
                  | mutation]
  1791 | D:2      | Gained mutation: Your body sometimes deteriorates upon
                  | taking damage. [potion of mutation]
  1791 | D:2      | Gained mutation: You are surrounded by a mild repulsion
                  | field. (EV +2) [potion of mutation]
  1792 | D:2      | Succumbed to a worker ant's poison

Illustrated notes

Levels and vault maps discovered:
D:1:      sevenhm_arrival_forest_fort_large_4, layout_basic
D:2:      layout_loops_ring, nicolae_overflow_hidden_temple,
          grunt_decor_mini_mirrors

Skill      XL: |  1  2 |
---------------+-------+-----
Spellcasting   | 5 |  5.4
Stealth        | 3 |  3.1
Dodging        | |  2.7
Conjurations   | |  1.5
Summonings     | |  1.1
Translocations | |  1.1

Action                   || total
-------------------------++-------
Melee: Dagger            ||    19
 Cast: Magic Dart        ||    84
  Use: Potion            ||     3
Armor: Robe              ||    14
Dodge: Dodged            ||    40

Table legend: (Time is in decaauts)
 A = Elapsed time spent in this place.
 B = Non-inter-level travel time spent in this place.
 C = Inter-level travel time spent in this place.
 D = Time resting spent in this place.
 E = Time spent auto-exploring this place.
 F = Levels seen in this place.
 G = Mean time per level.
                   A        B        C        D        E       F      G
               +--------+--------+--------+--------+--------+-----+--------+
         Total |   1789 |   1775 |     14 |      0 |   1575 |   2 |  894.5 |
       Dungeon |   1789 |   1775 |     14 |      0 |   1575 |   2 |  894.5 |
               +--------+--------+--------+--------+--------+-----+--------+

Top non-repeatable levels by time:
     D:1: 1508 daAuts
     D:2: 281 daAuts
